 Dungeon Crawl Stone Soup version 0.29.1-15-g9cfb28693d (webtiles) character file.

Game seed: 13136867215341833336

130 leafyfresh the Sneak (level 5, 0/37 HPs)
             Began as an Octopode Delver on Mar 4, 2023.
             Slain by an orc priest
             ... wielding a +0 trident
              (2 damage)
             ... on level 3 of the Dungeon.
             The game lasted 00:01:19 (1179 turns).

leafyfresh the Sneak (Octopode Delver)              Turns: 1179, Time: 00:01:20

Health: 0/37       AC:  1    Str: 11    XL:     5   Next: 14%
Magic:  5/5        EV: 14    Int: 14    God:
Gold:   101        SH:  0    Dex: 14    Spells: 4/4 levels left

rFire   . . .      SeeInvis .   g - +0 arbalest
rCold   . . .      Faith    .   (shield currently unavailable)
rNeg    . . .      Spirit   .   (helmet restricted)
rPois   .          Reflect  .   (no amulet)
rElec   .          Harm     .   (no ring)
rCorr   .          Rampage  .   (no ring)
Will    .....                   (no ring)
Stlth   +++.......              (no ring)
HPRegen 0.12/turn               (no ring)
MPRegen 0.09/turn               (no ring)
                                (no ring)
                                (no ring)

@: confused
A: almost no armour, amphibious, 8 rings, camouflage 1, gelatinous body 1,
(nimble swimmer 1), tentacles
a: no special abilities


You were on level 3 of the Dungeon.
You visited 1 branch of the dungeon, and saw 3 of its levels.

You collected 101 gold pieces.

Inventory:

Hand Weapons
 a - a +0 short sword
 g - a +0 arbalest (weapon)
Wands
 f - a wand of digging (3)
Scrolls
 b - a scroll of fog
 c - a scroll of magic mapping
 d - a scroll of fear
Potions
 h - a potion of curing {unknown}


   Skills:
 + Level 4.0 Fighting
 - Level 2.0 Short Blades
 + Level 3.4 Dodging
 + Level 7.7 Stealth


You had 4 spell levels left.
You didn't know any spells.
Your spell library contained the following spells:

 Spells                   Type           Power      Damage    Failure   Level
 Necrotise                Necr           0%         1d4       28%         1
 Vampiric Draining        Necr           0%         2d6       65%         3
 Agony                    Necr           0%         N/A       100%        5


Dungeon Overview and Level Annotations

Branches:
Dungeon (5/15)
 Temple: D:4-7

Altars:
Elyvilon
Okawaru


Innate Abilities, Weirdness & Mutations

You cannot wear most types of armour.
You are amphibious.
You can wear up to eight rings at the same time.
Your skin changes colour to match your surroundings (Stealth+).
Your rubbery body absorbs attacks. (AC +1, EV +1)
((You are camouflaged when in or above water. (Stealth+)))
You have tentacles for arms and can constrict up to eight enemies at once.


Message History

2 orc priests come into view.
There are monsters nearby!
You shoot a bolt. The bolt hits the orc priest!
The orc priest shouts!
The orc priest is almost dead.
An orc wizard comes into view. It is wielding a +0 dagger.
You shoot a bolt. The bolt barely misses the orc priest.
The bolt completely misses the orc priest.
The orc wizard shouts!
You hear a shout!
The orc priest calls upon Beogh to heal the orc priest.
The orc priest is healed somewhat.
The orc priest begins to cast a cantrip, but forgets the words!
An orc priest comes into view. It is wielding a +0 club.
There are monsters nearby!
You shoot a bolt. The bolt closely misses the orc priest.
The bolt closely misses the orc wizard.
The bolt completely misses the orc priest.
The orc priest invokes the aid of Beogh against you.
Beogh smites you!
The orc priest casts a cantrip, but nothing happens.
You shoot a bolt. The bolt barely misses the orc priest.
The orc priest mumbles some strange prayers to Beogh against you.
Beogh smites you!
The orc priest miscasts a cantrip.
The orc priest closely misses you.
The orc wizard gestures at you while chanting.
You are confused.
You bump into the rock wall.
The orc priest invokes the aid of Beogh against you.
Beogh smites you!
* * * LOW HITPOINT WARNING * * *
You are too confused!
Unknown command.
You clumsily bash the orc wizard but do no damage.
You squeeze the orc wizard.
The orc wizard is lightly wounded.
The orc wizard hits you with a +0 dagger.
* * * LOW HITPOINT WARNING * * *
The orc priest hits you from afar with a +0 trident.
You die...

#############
##...........#
######...########.#
#.ooo@........# #.#
......o###...####.#
#.#### ..)..o. ....##
#.# #.....
.......###..# #.#
#.#### ..####. #..#
#.# #.# # . #. #..#
#.# #.# # #. #..# #.#
#†####
#.###..#####.###.#..+
#.#..............#.##


You could see 3 orc priests and an orc wizard.

Vanquished Creatures
  A necrophage (D:4)
  A hound (D:4)
  3 adders
  A worm (D:3)
  A dart slug (D:4)
  An orc (D:3)
  2 ball pythons (D:3)
  A bat (D:3)
  An endoplasm (D:3)
  A goblin (D:4)
  A frilled lizard (D:3)
  A rat (D:3)
15 creatures vanquished.

Notes
Turn   | Place    | Note
-------+----------+-------------------------------------------
     0 | D:5      | leafyfresh the Octopode Delver began the quest for the Orb.
     0 | D:5      | Reached XP level 1. HP: 16/16 MP: 1/1
    27 | D:5      | Noticed an orc warrior
    45 | D:4      | Noticed a necrophage
    51 | D:4      | Killed a necrophage
    52 | D:4      | Reached skill level 7 in Stealth
    52 | D:4      | Reached XP level 2. HP: 13/22 MP: 2/2
    52 | D:4      | Reached XP level 3. HP: 16/27 MP: 3/3
    52 | D:4      | Reached XP level 4. HP: 19/33 MP: 4/4
   587 | D:4      | Noticed a phantom
   605 | D:3      | Reached XP level 5. HP: 12/37 MP: 5/5
   920 | D:3      | Found a white marble altar of Elyvilon.
  1098 | D:3      | Found an iron altar of Okawaru.
  1179 | D:3      | Slain by an orc priest

Illustrated notes

Levels and vault maps discovered:
D:3:      layout_loops_ring, mainiacjoe_overflow_24_doors, lemuel_round_altar
D:4:      layout_loops_ring, mainiacjoe_overflow_concentric_impassable
D:5:      layout_cave_pools, kennysheep_mini_moat, pf_guarded_unrand_delatra

Skill      XL: |  1  2  3  4 |
---------------+-------------+-----
Stealth        | 7 |  7.7
Dodging        | 3 |  3.4
Fighting       | 4 |  4.0
Short Blades   | |  2.0

Action                   |  1- 3 |  4- 6 || total
-------------------------+-------+-------++-------
Melee: Short sword       |     5 |    14 ||    19
       Tentacles         |     2 |     5 ||     7
       Constrict         |     1 |     2 ||     3
       Arbalest          |       |     1 ||     1
 Fire: Arbalest          |       |    27 ||    27
  Use: Potion            |       |     1 ||     1
 Stab: Sleeping          |       |     1 ||     1
Armor: Skin              |       |     1 ||     1
Dodge: Dodged            |     6 |    21 ||    27
